 Dungeon Crawl Stone Soup version 0.26.1-10-gdfb7c7de75 (webtiles) character file.

Game seed: 14374101441329212139

126 manyhoops the Ruffian (level 4, -2/39 HPs)
             Began as a Palentonga Transmuter on Apr 5, 2021.
             Slain by an orc
             ... wielding a +0 short sword
              (4 damage)
             ... on level 2 of the Dungeon.
             The game lasted 00:01:52 (3270 turns).

manyhoops the Ruffian (Palentonga Transmuter)       Turns: 3270, Time: 00:01:52

Health: -2/39      AC:  4    Str: 21    XL:     4   Next: 83%
Magic:  7/7        EV: 10    Int:  9    God:
Gold:   126        SH:  0    Dex: 10    Spells: 6/7 levels left

rFire    . . .     SeeInvis +     - Unarmed
rCold    . . .     Faith    .   (no shield)
rNeg     . . .     Spirit   .   a - +0 robe
rPois    .         Reflect  .   (no helmet)
rElec    .         Harm     .   (no cloak)
rCorr    .         Rampage  .   (no gloves)
Will     .....                  (no barding)
Stlth    +.........             (no amulet)
HPRegen  0.13/turn              i - +6 ring of strength
MPRegen  0.10/turn              h - -4 ring of intelligence (curse)

@: hasted, very quick
A: large, rugged brown scales 3, see invisible, deformed body, roll 1, armoured
tail
a: Rolling Charge


You were on level 2 of the Dungeon.
You visited 1 branch of the dungeon, and saw 3 of its levels.

You collected 126 gold pieces.

Inventory:

Armour
 a - a +0 robe (worn)
Jewellery
 h - a cursed -4 ring of intelligence (right hand)
 i - a +6 ring of strength (left hand)
 j - an uncursed amulet of faith {unknown}
 n - a cursed ring of ice {unknown}
Scrolls
 b - 4 scrolls of remove curse {unknown}
 d - 3 scrolls of identify
 e - a scroll of enchant weapon {unknown}
 g - a scroll of teleportation {unknown}
 m - a scroll of blinking {unknown}
 r - 2 scrolls of magic mapping
 u - a scroll of fear {unknown}
Potions
 c - a potion of brilliance {unknown}
 f - 2 potions of haste
 k - a potion of might {unknown}
 l - a potion of flight {unknown}
 o - a potion of attraction {unknown}
 p - a potion of cancellation {unknown}
 q - a potion of invisibility {unknown}
 s - a potion of curing {unknown}
 t - a potion of lignification {unknown}


   Skills:
 * Level 2.4 Fighting
 - Level 1.5 Dodging
 + Level 5.1 Unarmed Combat
 - Level 2.0 Spellcasting
 - Level 2.0 Transmutations


You had 6 spell levels left.
You knew the following spells:

 Your Spells              Type           Power        Failure   Level
a - Beastly Appendage     Tmut           8%           14%         1

Your spell library contained the following spells:

 Spells                   Type           Power        Failure   Level
 Wereblood                Tmut           4%           22%         2
 Spider Form              Tmut/Pois      1%           54%         3
 Ice Form                 Ice/Tmut       2%           91%         4
 Blade Hands              Tmut           2%           99%         5


Dungeon Overview and Level Annotations

Branches:
Dungeon (3/15)

Altars:


Innate Abilities, Weirdness & Mutations

You are completely covered in rugged brown scales. (AC +3, +7% HP)
You have supernaturally acute eyesight. (SInv)
Armour fits poorly on your strangely shaped body.
You can roll at nearby foes to attack.
You have a long armoured tail.


Message History

The bat hits you. The bat hits you but does no damage.
The orc wizard hits you with a +0 dagger.
The orc hits you with a +0 short sword.
* * * LOW HITPOINT WARNING * * *
The worm bites you but does no damage. The adder bites you.
* * * LOW HITPOINT WARNING * * *
You barely miss the bat. The bat completely misses you. The bat hits you.
* * * LOW HITPOINT WARNING * * *
The adder closely misses you.
The orc wizard gestures at you while chanting.
The puff of frost hits you.
* * * LOW HITPOINT WARNING * * *
The orc hits you but does no damage.
Unknown command.
It was a potion of haste.
You feel yourself speed up. The bat closely misses you.
The adder bites you but does no damage. The worm closely misses you.
The orc wizard hits you but does no damage.
The orc hits you with a +0 short sword.
You die...

#.# #.....# #.# #.# #.....#
#.# #.# #.....##########.#
#.# #........†.....(.# #.#
####'#############
#######.# #............#
......#.#################.#
#####.#..>.......b......#.#
#.#..#######@S......#.#
#.#..#.....oow...#..#.#
#.#..#......o.##.# #.#
#.#..########.# # #.#
#....# .# #.# ####.# ## #.#
########[# #.# .........#
#.# .######### #.#


You could see a worm, an orc wizard, an adder, 2 orcs and a bat.

Vanquished Creatures
  An iguana (D:2)
  3 adders (D:2)
  2 oozes (D:1)
  2 worms (D:2)
  A dart slug (D:2)
  2 leopard geckos
  2 orcs
  2 giant cockroaches
  3 goblins
  4 hobgoblins
  7 jackals
  4 kobolds
  A quokka (D:3)
  4 ball pythons
  8 bats
  3 frilled lizards
  7 rats
56 creatures vanquished.

Notes
Turn   | Place    | Note
-------+----------+-------------------------------------------
     0 | D:1      | manyhoops the Palentonga Transmuter began the quest for the
                  | Orb.
     0 | D:1      | Reached XP level 1. HP: 17/17 MP: 3/3
    97 | D:1      | Reached XP level 2. HP: 22/24 MP: 3/5
   623 | D:1      | Reached XP level 3. HP: 11/31 MP: 6/6
  1292 | D:2      | Reached skill level 4 in Unarmed Combat
  1412 | D:2      | Reached XP level 4. HP: 37/38 MP: 5/7
  2792 | D:2      | Reached skill level 5 in Unarmed Combat
  3270 | D:2      | Slain by an orc

Illustrated notes

Levels and vault maps discovered:
D:1:      amcnicky_arrival_feature_with_door, layout_basic,
          hangedman_decor_points, bh_walls_and_bars
D:2:      layout_basic
D:3:      layout_basic, serial_forest, infiniplex_forest_straight_4,
          infiniplex_forest_join, infiniplex_forest_end_double,
          infiniplex_forest_3_way, infiniplex_forest_end_2,
          infiniplex_forest_clump_diagonal, infiniplex_forest_lined_1,
          infiniplex_forest_zigzag_1

Skill      XL: |  1  2  3  4 |
---------------+-------------+-----
Unarmed Combat | 4 5 |  5.1
Fighting       | 2 |  2.4
Dodging        | |  1.5
Spellcasting   | |  2.0
Transmutations | |  2.0

Action                   |  1- 3 |  4- 6 || total
-------------------------+-------+-------++-------
Melee: Unarmed           |    84 |    81 ||   165
       Kick              |     7 |       ||     7
       Headbutt          |     4 |       ||     4
       Tailslap          |     9 |     8 ||    17
       Punch             |       |     2 ||     2
 Cast: Beastly Appendage |     5 |       ||     5
 Abil: Rolling Charge    |     1 |       ||     1
  Use: Scroll            |       |     1 ||     1
       Potion            |       |     1 ||     1
 Stab: Sleeping          |       |     1 ||     1
Armor: Robe              |    41 |    36 ||    77
Dodge: Dodged            |    65 |    51 ||   116
